 Dungeon Crawl Stone Soup version 0.18.1-50-g88ac8fd (webtiles) character file.

43 Moofe the Vexing (level 3, -2/27 HPs)
             Began as a Human Arcane Marksman on Oct 20, 2016.
             Slain by Natasha (5 damage)
             ... on level 2 of the Dungeon.
             The game lasted 00:05:56 (1397 turns).

Moofe the Vexing (Human Arcane Marksman)            Turns: 1397, Time: 00:05:57

Health: -2/27      AC:  3    Str: 11    XL:     3   Next: 82%
Magic:  5/5        EV: 12    Int: 13    God:
Gold:   43         SH:  0    Dex: 13    Spells: 1 memorised, 3 levels left

rFire  . . .     SeeInvis .     e - +0 spear
rCold  . . .     Gourm    .     i - +0 leather armour
rNeg   . . .     Faith    .     (no shield)
rPois  .         Spirit   .     (no helmet)
rElec  .         Dismiss  .     (no cloak)
rCorr  .         Reflect  .     (no gloves)
SustAt +         Harm     .     (no boots)
MR     +....                    (no amulet)
Stlth  +.........               n - ring of protection from magic
                                k - ring of sustain attributes

@: somewhat resistant to hostile enchantments, very unstealthy
A: no striking features
a: no special abilities


You were on level 2 of the Dungeon.
You were not hungry.

You visited 1 branch of the dungeon, and saw 2 of its levels.

You collected 43 gold pieces.

Inventory:

Hand Weapons
 e - a +0 spear (weapon)
Missiles
 c - a javelin (quivered)
Armour
 a - a +0 robe
 i - a +0 leather armour (worn)
Jewellery
 k - a ring of sustain attributes (left hand)
 n - a ring of protection from magic (right hand)
Scrolls
 h - 2 scrolls of remove curse
 j - 2 scrolls of enchant weapon {unknown}
Potions
 l - a potion of brilliance {unknown}
 m - a potion of resistance {unknown}
 o - 2 potions of magic {unknown}
Books
 b - a book of Debilitation

   Spells                             Type                      Level
   a - Corona                         Hexes                        1
   b - Slow                           Hexes                        2
   c - Gell's Gravitas                Hexes/Translocation          3
   d - Inner Flame                    Hexes/Fire                   3
   e - Cause Fear                     Hexes                        4
   f - Leda's Liquefaction            Hexes/Earth                  4
Comestibles
 f - a bread ration
 g - a meat ration


   Skills:
 * Level 1.7 Fighting
 * Level 2.2 Throwing
 * Level 2.5 Dodging
 + Level 0.4 Stealth
 + Level 1.4 Spellcasting
 + Level 3.3 Hexes


You had 3 spell levels left.
You knew the following spells:

 Your Spells              Type           Power        Failure   Level  Hunger
a - Corona                Hex            #......      12%         1    ##.....


Dungeon Overview and Level Annotations

Branches:
Dungeon (2/15)

Altars:

Annotations:
D:2 Natasha


Message History

The bat hits you but does no damage.
The teleport trap disappears.
The bat disappears!
Natasha barely misses you.
The giant cockroach struggles against the net.
Throwing (i - inventory):
c - 3 javelins (quivered)
Press: ? - help, Shift-Dir - straight line, f/p - Natasha
Aim: Natasha (unusually strong)
You throw a javelin. The javelin hits Natasha!
Natasha is heavily wounded.
Natasha claws you!
The giant cockroach struggles to escape the net.
Natasha claws you!
Ouch! That really hurt!
* * * LOW HITPOINT WARNING * * *
The giant cockroach struggles to escape the net.
The giant cockroach breaks free.
Throwing (i - inventory):
c - 2 javelins (quivered)
Press: ? - help, Shift-Dir - straight line, f/p - Natasha
Aim: Natasha (heavily wounded, unusually strong)
You throw a javelin. The javelin closely misses Natasha.
Natasha claws you.
You die...

#.........#
#.....<...#
####..#####
#....# #...##.#
##### #.##
#.######..... #.
#....(...# #
######h####
....(s..@..#
.....##..ยง......
#..# ###.$#####
.. #.# .. #.# .#
.#


You could see Natasha and a giant cockroach.

Vanquished Creatures
  An adder (D:2)
  2 giant geckos (D:1)
  5 bats (D:1)
  2 giant cockroaches (D:1)
  5 goblins (D:1)
  2 hobgoblins (D:1)
  3 jackals (D:1)
  4 kobolds (D:1)
  A ball python (D:1)
  2 giant newts
  4 rats
31 creatures vanquished.

Notes
Turn   | Place    | Note
--------------------------------------------------------------
     0 | D:1      | Moofe the Human Arcane Marksman began the quest for the Orb.
     0 | D:1      | Reached XP level 1. HP: 15/15 MP: 2/2
   227 | D:1      | Reached XP level 2. HP: 14/21 MP: 3/3
   545 | D:1      | Reached XP level 3. HP: 19/26 MP: 4/4
  1390 | D:2      | Noticed Natasha
  1397 | D:2      | Slain by Natasha

Action                   || total
-------------------------++-------
Melee: Spear             ||    82
       Unarmed           ||     5
Throw: Javelin           ||    32
       Throwing net      ||     5
  Use: Scroll            ||     1
 Stab: Sleeping          ||     1
  Eat: Chunk             ||     2
Armor: Robe              ||    13
       Leather armour    ||    29
Dodge: Dodged            ||    70
